[Event "Team 45 45 League T79"]
[Site "Internet Chess Club"]
[Date "2019.02.16"]
[Round "8"]
[White "fledermaus"]
[Black "santiagoelawad"]
[Result "1/2-1/2"]
[WhiteElo "1863"]
[BlackElo "1948"]
[Opening "QGD Slav: 4.Nc3"]
[ECO "D15"]
[Time "09:26:30"]
[TimeControl "2700+45"]

1. Nf3 d5 2. d4 Nf6 3. c4 c6 4. Nc3 a6 5. cxd5 cxd5 6. Bf4 Nc6 7. e3 Bf5 8. Ne5
Rc8 9. Rc1 e6 10. Be2 Bd6 11. g4 Be4 12. f3 Bg6 13. h4 h5 14. Nxg6 fxg6 15. Bd3
O-O 16. g5 Bxf4 17. exf4 Ne8 18. Ne2 Ne7 19. Rxc8 Qxc8 20. Qd2 Nd6 21. Ng3 Nef5
22. Nxf5 Nxf5 23. Bxf5 Rxf5 24. Kf2 Qc7 25. Kg3 Kh7 26. Rc1 Qb8 27. Rc5 Qd6 28.
Qc1 Rf7 29. a3 Qb6 30. b4 Qd6 31. Qe3 {Game drawn by mutual agreement} 1/2-1/2

[Event "Team 45 45 League T79"]
[Site "Internet Chess Club"]
[Date "2019.02.18"]
[Round "8"]
[White "harlyman"]
[Black "LookImYourVader"]
[Result "1-0"]
[WhiteElo "1758"]
[BlackElo "1841"]
[Opening "Queen's gambit accepted"]
[ECO "D20"]
[Time "14:00:29"]
[TimeControl "2700+45"]

1. d4 d5 2. c4 dxc4 3. Nc3 e5 4. d5 Nf6 5. e4 c6 6. Bxc4 Bb4 7. Nf3 Nxe4 8. O-O
Nxc3 9. bxc3 Bxc3 10. Ba3 Qa5 11. Bd6 Nd7 12. dxc6 Nc5 13. Ng5 Ne6 14. Bxe6 fxe6
15. Qf3 Qc7 16. Bxc7 {Black forfeits on time} 1-0

[Event "Team 45 45 League T79"]
[Site "Internet Chess Club"]
[Date "2019.02.16"]
[Round "8"]
[White "Zugzwanged"]
[Black "SuperPuzzler"]
[Result "0-1"]
[WhiteElo "1742"]
[BlackElo "1910"]
[Opening "Scotch: Potter variation"]
[ECO "C45"]
[Time "13:23:07"]
[TimeControl "2700+45"]

1. e4 e5 2. Nf3 Nc6 3. d4 exd4 4. Nxd4 Bc5 5. Nb3 Bb6 6. Nc3 Nf6 7. Qe2 O-O 8.
Be3 Bxe3 9. Qxe3 a5 10. O-O-O a4 11. Nd4 a3 12. b3 Re8 13. f3 d5 14. Bb5 Bd7 15.
g4 dxe4 16. Nxc6 bxc6 17. Bxc6 exf3 18. Qxf3 Bxc6 19. Qxc6 Qe7 20. Rhe1 Qxe1 21.
Rxe1 Rxe1+ 22. Kd2 Ree8 23. Nb5 Rad8+ 24. Kc3 Nd5+ 25. Kc4 Re6 26. Qc5 Re4+ 27.
Kd3 Re5 28. Kc4 Ne3+ {White resigns} 0-1

[Event "Team 45 45 League T79"]
[Site "Internet Chess Club"]
[Date "2019.02.18"]
[Round "8"]
[White "Percival"]
[Black "Manon"]
[Result "0-1"]
[WhiteElo "1946"]
[BlackElo "2098"]
[Opening "French: exchange variation"]
[ECO "C01"]
[Time "06:00:36"]
[TimeControl "2700+45"]

1. d4 e6 2. e4 d5 3. exd5 exd5 4. Bd3 Nf6 5. Ne2 Bd6 6. Bf4 Nc6 7. c3 Bxf4 8.
Nxf4 O-O 9. O-O Re8 10. Na3 a6 11. Nh5 Ne4 12. f3 Nd6 13. Qd2 Ne7 14. Rfe1 Ng6
15. Rxe8+ Nxe8 16. Re1 b5 17. Nc2 Nd6 18. Nb4 Bf5 19. Nxd5 Bxd3 20. Qxd3 Qg5 21.
Nxc7 Rc8 22. Nxa6 Qxh5 23. Nc5 Nf4 24. Qe3 Nd5 25. Qe5 Qxe5 26. Rxe5 Nf4 27. g3
Ng6 28. Rd5 Nc4 29. b3 Ne3 30. Rd7 Nd1 31. a4 bxa4 32. bxa4 Nxc3 33. Kf2 Nf8 34.
Rd6 Ra8 35. d5 Ra5 36. Ne4 Nxd5 37. Rd8 Nc7 38. Nc3 f5 39. Ke3 Rc5 40. Kd3 Kf7
41. Rc8 Nd7 42. a5 Ne5+ 43. Kc2 Nxf3 44. Kb3 Nd2+ 45. Kb2 Nc4+ {White resigns}
0-1

[Event "Team 45 45 League T79"]
[Site "Internet Chess Club"]
[Date "2019.02.17"]
[Round "8"]
[White "Monterrey"]
[Black "Merciful"]
[Result "1/2-1/2"]
[WhiteElo "1935"]
[BlackElo "1970"]
[Opening "Grünfeld: exchange variation"]
[ECO "D85"]
[Time "18:02:38"]
[TimeControl "2700+45"]

1. d4 Nf6 2. c4 g6 3. Nc3 d5 4. cxd5 Nxd5 5. e4 Nxc3 6. bxc3 Bg7 7. Qa4+ Nd7 8.
Bg5 O-O 9. Rc1 c5 10. Nf3 a6 11. Be2 b5 12. Qc2 c4 13. O-O Bb7 14. Rb1 Nf6 15.
Nd2 Qd7 16. f4 e6 17. Bf3 Rfc8 18. Rf2 a5 19. a3 Rab8 20. Bxf6 Bxf6 21. e5 Be7
22. Bxb7 Rxb7 23. Ne4 b4 24. axb4 axb4 25. Rxb4 Rxb4 26. cxb4 Qxd4 27. b5 Ra8
28. g3 Rb8 29. Kg2 c3 30. Rf3 Bb4 31. Kh3 Rxb5 32. Nxc3 Rc5 33. Ne2 Qd5 {Game
drawn by mutual agreement} 1/2-1/2

[Event "Team 45 45 League T79"]
[Site "Internet Chess Club"]
[Date "2019.02.16"]
[Round "8"]
[White "gnat"]
[Black "laurenpar"]
[Result "1/2-1/2"]
[WhiteElo "1979"]
[BlackElo "1862"]
[Opening "French: Winawer, Alekhine (Maróczy) gambit"]
[ECO "C15"]
[Time "02:00:40"]
[TimeControl "2700+45"]

1. d4 e6 2. Nc3 d5 3. e4 Bb4 4. Ne2 Nc6 5. a3 Ba5 6. b4 Bb6 7. exd5 exd5 8. Be3
Nge7 9. Ng3 Nf5 10. Nxf5 Bxf5 11. Bb5 Qd6 12. Qf3 Be6 13. Qg3 Qxg3 14. Bxc6+
bxc6 15. hxg3 a5 16. Kd2 Kd7 17. Ne2 f6 18. c3 Ra7 19. Kc2 h6 20. Kb2 Ke7 21.
Nf4 Bf5 22. g4 Bh7 23. Rhe1 Kf7 24. f3 Re8 25. Bf2 Raa8 26. Rxe8 Rxe8 27. Re1
Rxe1 28. Bxe1 g5 29. Nh5 f5 30. gxf5 Bxf5 31. g4 Bd3 32. Ng3 Kg6 33. Kc1 Kf6 34.
Kd2 Bb1 35. Ke3 Bc2 36. Bd2 Kg6 37. Bc1 Kf6 38. Bb2 Kg6 39. Kd2 Bb3 40. Ke3 Bc2
41. Kf2 Bd1 42. Nf5 axb4 43. cxb4 h5 44. Ne7+ Kf6 45. Nxc6 hxg4 46. fxg4 Bxg4
47. Ne5 Bd1 48. Ke3 Kf5 49. Nd3 Ba4 50. Bc3 c6 51. Nb2 Bb5 52. a4 Ba6 53. Nd1
Kg4 54. Be1 Kh3 55. Nf2+ Kg2 56. Ng4 Bc7 57. Ne5 Bd6 58. Bd2 Kg3 59. Be1+ Kg2
{Game drawn by mutual agreement} 1/2-1/2

[Event "Team 45 45 League T79"]
[Site "Internet Chess Club"]
[Date "2019.02.17"]
[Round "8"]
[White "LookImYourVader"]
[Black "jjimalo"]
[Result "1/2-1/2"]
[WhiteElo "1863"]
[BlackElo "1773"]
[Opening "Sicilian"]
[ECO "B50"]
[Time "13:00:49"]
[TimeControl "2700+45"]

1. e4 c5 2. Nf3 d6 3. c3 Nf6 4. Be2 Nc6 5. d4 cxd4 6. cxd4 d5 7. exd5 Nxd5 8.
O-O e6 9. Nc3 Be7 10. Bb5 O-O 11. Bxc6 bxc6 12. Ne5 Bb7 13. Qa4 Qc7 14. Nxd5
cxd5 15. Bf4 Bd6 16. Rac1 Qe7 17. Bg3 f6 18. Nc6 Bxc6 19. Qxc6 Bxg3 20. hxg3
Rab8 21. Rfe1 Rfe8 22. b3 Rb4 23. Qc3 Rb7 24. Qc5 Qxc5 25. Rxc5 Kf7 26. Rec1
Ree7 27. f4 Rb4 28. Rd1 h5 29. Rd3 g6 30. a3 Rbb7 31. b4 Rec7 32. Rdc3 Rxc5 33.
Rxc5 Ke7 34. b5 Kd7 35. a4 a6 36. bxa6 Ra7 37. Rc3 Rxa6 38. Ra3 Kc6 39. Kf2 Kb6
40. Rb3+ Kc7 41. Rc3+ Rc6 42. Ra3 Rc2+ 43. Kf3 Kb6 44. Re3 Rc6 45. Rb3+ Ka5 46.
Rb8 Kxa4 47. Rg8 Kb5 48. Rxg6 f5 49. Ke2 Kc4 50. Ke3 Ra6 51. Rh6 Ra3+ 52. Kf2
Ra6 53. Ke3 Ra3+ 54. Kf2 Ra6 55. Ke3 {Game drawn by repetition} 1/2-1/2

[Event "Team 45 45 League T79"]
[Site "Internet Chess Club"]
[Date "2019.02.18"]
[Round "8"]
[White "kidcobra"]
[Black "Goli"]
[Result "1/2-1/2"]
[WhiteElo "1795"]
[BlackElo "1678"]
[Opening "King's Indian, 3.Nf3"]
[ECO "E60"]
[Time "15:03:06"]
[TimeControl "2700+45"]

1. d4 Nf6 2. Nf3 g6 3. c4 c5 4. d5 b5 5. Qc2 bxc4 6. e4 d6 7. Bxc4 Bg7 8. O-O
O-O 9. Nc3 Nbd7 10. h3 Nb6 11. Be2 a5 12. Nh2 Ba6 13. Bxa6 Rxa6 14. f4 Nfd7 15.
Qe2 Ra8 16. g4 e6 17. dxe6 fxe6 18. Nb5 Qb8 19. f5 exf5 20. gxf5 Ne5 21. Bg5
Nbd7 22. Be7 Re8 23. Bxd6 Qb6 24. Bxe5 Rxe5 25. Nc3 gxf5 26. Rxf5 Rxf5 27. exf5
Bd4+ 28. Kh1 Qb7+ 29. Qg2+ Qxg2+ 30. Kxg2 Rb8 31. Nd1 Rf8 32. Nc3 Rb8 {Game
drawn by mutual agreement} 1/2-1/2

[Event "Team 45 45 League T79"]
[Site "Internet Chess Club"]
[Date "2019.02.13"]
[Round "8"]
[White "ChessRooklift"]
[Black "evan7284"]
[Result "0-1"]
[WhiteElo "1677"]
[BlackElo "1607"]
[Opening "Petrov: Nimzovich attack"]
[ECO "C42"]
[Time "15:15:31"]
[TimeControl "2700+45"]

1. e4 e5 2. Nf3 Nf6 3. Nxe5 d6 4. Nf3 Nxe4 5. Nc3 Nxc3 6. dxc3 Be7 7. Be3 O-O 8.
Qd2 Nc6 9. Bd3 Ne5 10. Nxe5 dxe5 11. O-O-O Be6 12. Kb1 c5 13. Qe2 Qa5 14. Bc4
Bxc4 15. Qxc4 Rfd8 16. Rd5 b5 17. Qe4 Rxd5 18. Qxd5 Rd8 19. Qxe5 Bd6 20. Qe4 Bf8
21. Qb7 b4 22. cxb4 cxb4 23. Qxa7 Qd5 24. Qa4 Qxg2 25. Re1 Qxh2 26. Qc6 Qe5 27.
Qh1 Qa5 28. Qc6 b3 {White resigns} 0-1

[Event "Team 45 45 League T79"]
[Site "Internet Chess Club"]
[Date "2019.02.17"]
[Round "8"]
[White "idjit"]
[Black "Egmont"]
[Result "1-0"]
[WhiteElo "1629"]
[BlackElo "1607"]
[Opening "French: Fort Knox variation"]
[ECO "C10"]
[Time "11:00:19"]
[TimeControl "2700+45"]

1. e4 e6 2. d4 d5 3. Nc3 dxe4 4. Nxe4 Bd7 5. Nf3 Bc6 6. Bd3 Nd7 7. O-O Ngf6 8.
Nfg5 h6 9. Nxf6+ Nxf6 10. Nf3 Bxf3 11. Qxf3 c6 12. Be3 Be7 13. Qg3 g5 14. Rae1
Qd7 15. f4 gxf4 16. Qxf4 O-O-O 17. c4 Rdg8 18. d5 Rg4 19. Qe5 Qc7 20. Bd4 Bd6
21. Qxf6 Bxh2+ 22. Kh1 Rhg8 23. dxe6 Bg1 24. Be5 Rxg2 25. Bxc7 Kxc7 26. Rxg1
{Black resigns} 1-0

[Event "Team 45 45 League T79"]
[Site "Internet Chess Club"]
[Date "2019.02.16"]
[Round "8"]
[White "scostanzo212"]
[Black "bennywins"]
[Result "0-1"]
[WhiteElo "1553"]
[BlackElo "1694"]
[Opening "QGD: semi-Slav"]
[ECO "D31"]
[Time "11:35:30"]
[TimeControl "2700+45"]

1. d4 d5 2. c4 e6 3. Nc3 c6 4. e3 a6 5. Nf3 b5 6. cxd5 cxd5 7. a3 Nf6 8. Bd3 Bd6
9. O-O Nbd7 10. h3 Bb7 11. b3 Rc8 12. Bb2 Qa5 13. Qd2 Qb6 14. Rfc1 b4 15. axb4
Bxb4 16. Qd1 O-O 17. Na4 Qd6 18. Rxc8 Rxc8 19. Rc1 Rb8 20. Rc2 Bc6 21. Qc1 Bb5
22. Rc8+ Nf8 23. Bxb5 Rxb5 24. Rc6 Qb8 25. Rxa6 Be7 26. Nc5 Bxc5 27. dxc5 Rxb3
28. Ra2 Ne4 29. c6 Qc8 30. Bd4 Nd6 31. Rc2 f6 32. Rb2 Rxb2 33. Bxb2 Nc4 34. Ba3
Nxa3 35. Qxa3 Qxc6 36. Qb2 e5 37. Qd2 Ne6 38. Qb2 Qd7 39. Qd2 d4 40. exd4 exd4
41. Ne1 Nc5 42. Nd3 Nxd3 43. Qxd3 Qd6 44. Kh1 Qc5 45. Kh2 Qc3 46. Qb5 Qc7+ 47.
Kg1 Qc1+ 48. Kh2 Qf4+ 49. Kg1 Kf7 50. Qd7+ Kg6 51. g3 Qc1+ 52. Kg2 Qd1 53. Qe8+
Kf5 54. Qd7+ Ke4 55. Qe6+ Kd3 56. Qa6+ Kc2 57. Qc4+ Kb2 58. Qb4+ Ka1 59. Qa3+
Kb1 60. Qb4+ Ka2 61. Qa5+ Kb3 62. Qb5+ Kc3 63. Qc5+ Kd3 64. Qf5+ Kc4 65. Qe6+
Kc5 66. Qe7+ Kd5 67. Qd7+ Ke5 68. Qe7+ Kf5 69. Qd7+ Kg6 70. Qe8+ Kg5 71. g4 Qd3
72. Qe6 Kh4 73. Qd7 Qxh3+ 74. Kg1 Qxg4+ {White resigns} 0-1

[Event "Team 45 45 League T79"]
[Site "Internet Chess Club"]
[Date "2019.02.16"]
[Round "8"]
[White "cadmiumorange"]
[Black "justice02"]
[Result "1-0"]
[WhiteElo "1923"]
[BlackElo "1603"]
[Opening "French: King's Indian attack"]
[ECO "C00"]
[Time "08:00:46"]
[TimeControl "2700+45"]

1. e4 e6 2. d3 d5 3. Nd2 Nd7 4. Ngf3 Bd6 5. g3 c5 6. Bg2 Ngf6 7. O-O O-O 8. Re1
dxe4 9. dxe4 Ne5 10. Qe2 Nxf3+ 11. Bxf3 e5 12. Nc4 Bc7 13. Bg5 h6 14. Rad1 Qe7
15. Bxf6 Qxf6 16. Ne3 Be6 17. Bg4 Rad8 18. Bxe6 fxe6 19. Rxd8 Rxd8 20. Rd1 Rxd1+
21. Qxd1 Qd8 22. Qxd8+ Bxd8 23. Nc4 Bc7 24. a4 b6 25. Kg2 Kf7 26. Kf3 Kf6 27.
Kg4 g6 28. Kh4 a5 29. Ne3 Bd8 30. g4 Kg7+ 31. Kg3 g5 32. Nc4 Bc7 33. Kf3 Kg6 34.
Ke3 h5 35. h3 hxg4 36. hxg4 Kf6 37. Kd3 Ke7 38. Na3 Kd7 39. Kc4 Kc6 40. c3 Bb8
41. Nc2 Bc7 42. Ne1 Bd8 43. Nf3 Kd6 44. Kb5 Kc7 45. Nxe5 Bf6 46. Nc4 {Black
resigns} 1-0

[Event "Team 45 45 League T79"]
[Site "Internet Chess Club"]
[Date "2019.02.18"]
[Round "8"]
[White "zepled37"]
[Black "KCChessc6"]
[Result "0-1"]
[WhiteElo "1720"]
[BlackElo "1708"]
[Opening "English opening"]
[ECO "A20"]
[Time "19:02:16"]
[TimeControl "2700+45"]

1. c4 e5 2. g3 Bc5 3. Bg2 Nf6 4. e3 d5 5. cxd5 Nxd5 6. Nc3 Nb4 7. Nge2 Nd3+ 8.
Kf1 O-O 9. h4 c6 10. h5 Bg4 11. Qb3 Na6 12. a3 Qd7 13. Ne4 Be7 14. f3 Bf5 15.
N2c3 Nac5 16. Nxc5 Nxc5 17. Qd1 Nd3 18. g4 Be6 19. Ne4 Bc4 20. Kg1 Rad8 21. Ng3
Bc5 22. Nf5 Be6 23. Ng3 Bc4 24. Ne4 Bb6 25. h6 f5 26. hxg7 Qxg7 27. Ng3 f4 28.
Nf5 Rxf5 29. gxf5 fxe3 30. dxe3 Nf4 31. Qxd8+ Bxd8 32. exf4 Bb6+ 33. Kh2 Bf2 34.
Rg1 Qg3+ 35. Kh1 Bd5 36. Bd2 Kh8 37. Bc3 Qh4+ 38. Bh3 Qxh3# {White checkmated}
0-1

[Event "Team 45 45 League T79"]
[Site "Internet Chess Club"]
[Date "2019.02.17"]
[Round "8"]
[White "misuc56"]
[Black "Grenadier"]
[Result "0-1"]
[WhiteElo "1520"]
[BlackElo "1625"]
[Opening "Old Indian: Dus-Khotimirsky variation"]
[ECO "A53"]
[Time "09:00:25"]
[TimeControl "2700+45"]

1. d4 Nf6 2. c4 d6 3. Nc3 Nbd7 4. e3 e5 5. Bd3 Be7 6. Nge2 b6 7. O-O Bb7 8. f3
O-O 9. d5 a5 10. e4 Nc5 11. Bc2 Bc8 12. Be3 Bd7 13. a3 Qc8 14. Qe1 Qb7 15. a4
Na6 16. b3 Nb4 17. Rc1 Nxc2 18. Rxc2 Ne8 19. f4 exf4 20. Bxf4 f5 21. e5 dxe5 22.
Bxe5 Bd6 23. Nd4 Bxe5 24. Qxe5 Nd6 25. Rcf2 Rae8 26. Qg3 Kh8 27. Rf4 Rf7 28. h4
Qc8 29. h5 Qd8 30. Qf3 Qe7 31. Ncb5 Nxb5 32. Nxb5 Bxb5 33. axb5 g6 34. hxg6 hxg6
35. Qc3+ Kg8 36. R4f3 Rh7 37. Rg3 Kf7 38. Qd3 Qc5+ 39. Rf2 Re1+ 40. Qf1 Rxf1+
41. Kxf1 Rh1+ 42. Ke2 Qe7+ 43. Re3 Re1+ 44. Kxe1 Qxe3+ 45. Kf1 Qxb3 {White
resigns} 0-1

[Event "Team 45 45 League T79"]
[Site "Internet Chess Club"]
[Date "2019.02.17"]
[Round "8"]
[White "BrerRabbit"]
[Black "mongmong"]
[Result "0-1"]
[WhiteElo "1371"]
[BlackElo "1486"]
[Opening "Queen's pawn"]
[ECO "A40"]
[Time "19:05:01"]
[TimeControl "2700+45"]

1. d4 e6 2. Bf4 Nf6 3. e3 c5 4. c3 Be7 5. Nd2 O-O 6. Bd3 b6 7. Ngf3 Bb7 8. h3 d5
9. O-O Bd6 10. Ne5 Nc6 11. Re1 Bxe5 12. Bxe5 cxd4 13. exd4 Nxe5 14. Rxe5 Qc8 15.
Nf3 Ba6 16. Bxa6 Qxa6 17. Re3 Qb5 18. Qe2 Qxe2 19. Rxe2 Rac8 20. Ne5 Rc7 21. f3
Rfc8 22. Kf2 b5 23. a3 a5 24. Nd3 Nd7 25. Ke1 Nf6 26. g4 Ne8 27. Nc5 Nd6 28. a4
b4 29. cxb4 axb4 30. b3 Nb7 31. Nxb7 Rxb7 32. Kd2 Rbc7 33. Ra2 g6 34. h4 Rc3 35.
Re3 Rxe3 36. Kxe3 Rc3+ 37. Ke2 Rxb3 38. a5 Ra3 39. Rb2 Rxa5 40. Rxb4 h6 41. Rb7
Ra2+ 42. Ke3 Rh2 43. h5 gxh5 44. gxh5 Rxh5 45. Rb2 Kg7 46. Rg2+ Rg5 47. Rh2 Kg6
48. Kf4 Rf5+ 49. Ke3 h5 50. Rg2+ Rg5 51. Rh2 Rg1 52. Rh4 f5 53. Kf4 Re1 54. Rh3
Ra1 55. Ke5 Re1+ 56. Kf4 Ra1 57. Ke5 Ra6 58. Kf4 Kh6 59. Rh4 Kg6 60. Rh3 Ra8 61.
Ke5 Re8 62. Kf4 Kh6 63. Rh4 Ra8 64. Ke5 Ra3 65. Rh3 Rd3 66. Kxe6 Rxd4 67. Kxf5
Rd1 68. Rg3 d4 69. Rg6+ Kh7 70. Rd6 d3 71. Kg5 d2 72. Kf4 h4 73. Ke3 h3 74. Rd4
Rh1 75. Rh4+ Kg6 76. Kxd2 h2 77. Ke2 Ra1 78. Rxh2 Ra2+ {White resigns} 0-1

[Event "Team 45 45 League T79"]
[Site "Internet Chess Club"]
[Date "2019.02.18"]
[Round "8"]
[White "dabodhi"]
[Black "OGO"]
[Result "1-0"]
[WhiteElo "1280"]
[BlackElo "1255"]
[Opening "Scotch gambit"]
[ECO "C44"]
[Time "14:02:59"]
[TimeControl "2700+45"]

1. e4 e5 2. Nf3 Nc6 3. d4 exd4 4. Bc4 Bb4+ 5. c3 dxc3 6. O-O h6 7. bxc3 Bc5 8.
Bxf7+ Kxf7 9. Qd5+ Ke8 10. Qh5+ Kf8 11. Qxc5+ d6 12. Qe3 Be6 13. Ba3 Nf6 14. Qf4
Ne7 15. Rd1 Qe8 16. e5 dxe5 17. Qxe5 Qc6 18. Nd4 Qd7 {Black resigns} 1-0

[Event "Team 45 45 League T79"]
[Site "Internet Chess Club"]
[Date "2019.02.17"]
[Round "8"]
[White "stantheman59"]
[Black "Just-Jim"]
[Result "0-1"]
[WhiteElo "1240"]
[BlackElo "1357"]
[Opening "Philidor: exchange variation"]
[ECO "C41"]
[Time "11:00:21"]
[TimeControl "2700+45"]

1. e4 e5 2. Nf3 d6 3. d4 exd4 4. Nxd4 h6 5. Nc3 c5 6. Nb3 Nf6 7. Bc4 a6 8. a4
Nc6 9. Be3 a5 10. O-O Be7 11. Qd2 Ng4 12. Rae1 O-O 13. Bf4 Nce5 14. Bxe5 Nxe5
15. Bb5 Bd7 16. Bxd7 Nxd7 17. Nd5 b6 18. f4 Nf6 19. Nxf6+ Bxf6 20. c4 Re8 21.
Qc2 Ra7 22. e5 dxe5 23. Rd1 Rd7 24. Rxd7 Qxd7 25. Nd2 exf4 26. Rxf4 Bd4+ 27. Kf1
Qe6 28. Re4 Qf5+ 29. Ke2 Qf2+ 30. Kd1 Qg1+ 31. Ke2 Qxg2+ 32. Kd3 Rxe4 33. Nxe4
Qf3+ 34. Kd2 Be3+ 35. Kd3 Bf4# {White checkmated} 0-1

[Event "Team 45 45 League T79"]
[Site "Internet Chess Club"]
[Date "2019.02.19"]
[Round "8"]
[White "kingsrook"]
[Black "pagliaci"]
[Result "1-0"]
[WhiteElo "1174"]
[BlackElo "1223"]
[Opening "Nimzo-Indian: Reshevsky variation"]
[ECO "E46"]
[Time "12:01:44"]
[TimeControl "2700+45"]

1. d4 Nf6 2. c4 e6 3. Nc3 Bb4 4. e3 O-O 5. Ne2 b6 6. a3 Bxc3+ 7. Nxc3 Bb7 8. f3
d5 9. b3 Re8 10. Bd3 Nbd7 11. O-O c5 12. Re1 e5 13. Bb2 cxd4 14. exd4 exd4 15.
Ne2 Rc8 16. Nxd4 Ne5 17. Bf5 Rc5 18. Nc2 Qc7 19. f4 Ned7 20. Bxd7 Qxd7 21. Bxf6
gxf6 22. Rxe8+ Qxe8 23. Qg4+ Kf8 24. Qh4 dxc4 25. Qxh7 cxb3 26. Qh8+ Ke7 27.
Re1+ Kd8 28. Qxe8+ Kc7 29. Qxf7+ Kc6 30. Qxf6+ Kb5 31. Nd4+ Kc4 32. Rc1+ Kd5 33.
Qe5# {Black checkmated} 1-0

[Event "Team 45 45 League T79"]
[Site "Internet Chess Club"]
[Date "2019.02.13"]
[Round "8"]
[White "QuieroAprender"]
[Black "Kingfisher75"]
[Result "1-0"]
[WhiteElo "1647"]
[BlackElo "1547"]
[Opening "Queen's pawn game"]
[ECO "D00"]
[Time "20:05:03"]
[TimeControl "2700+45"]

1. d4 d5 2. g3 Nf6 3. Bg2 e6 4. Nd2 c5 5. e3 Nc6 6. c3 cxd4 7. exd4 Bd6 8. f4
Bd7 9. Ngf3 Ne4 10. Nxe4 dxe4 11. Ne5 f5 12. Qh5+ g6 13. Nxg6 hxg6 14. Qxh8+ Bf8
15. h4 Qe7 16. h5 O-O-O 17. hxg6 Bg7 18. Qh5 Be8 19. Be3 Qf6 20. g4 Bxg6 21. g5
Qf7 22. Qe2 Ne7 23. O-O-O Nd5 24. Bf2 Nxf4 25. Qc4+ Kb8 26. Bg3 e5 27. Qxf7 Ne2+
28. Kd2 Bxf7 29. Kxe2 f4 30. Bxf4 exf4 31. Bxe4 Re8 32. Kf3 Bxa2 33. Rh7 Re7 34.
Rdh1 Kc7 35. Rxg7 Rxg7 36. Rh7 Rxh7 37. Bxh7 Kd7 38. Kxf4 Ke7 39. Ke5 Kf7 40.
Be4 b5 41. Bd5+ Bxd5 42. Kxd5 {Black resigns} 1-0

[Event "Team 45 45 League T79"]
[Site "Internet Chess Club"]
[Date "2019.02.14"]
[Round "8"]
[White "Kingofknights"]
[Black "mongmong"]
[Result "0-1"]
[WhiteElo "1432"]
[BlackElo "1474"]
[Opening "Nimzo-Indian: Fischer variation"]
[ECO "E43"]
[Time "20:00:36"]
[TimeControl "2700+45"]

1. d4 e6 2. c4 Nf6 3. Nc3 Bb4 4. e3 b6 5. Bd3 Bb7 6. f3 c5 7. Ne2 cxd4 8. exd4
O-O 9. O-O d5 10. cxd5 Nxd5 11. Qc2 Nd7 12. Bxh7+ Kh8 13. Bd3 Rc8 14. Bd2 N7f6
15. Qd1 Nxc3 16. bxc3 Ba5 17. Qe1 Bd5 18. Ng3 Bc4 19. Qe3 Bxd3 20. Qxd3 Qd5 21.
Ne4 Nh7 22. Rfb1 Qc4 23. Qe3 Rc6 24. Rb3 Qd5 25. Rab1 f5 26. Nf2 Rfc8 27. a4 Rc4
28. Rb5 Qd7 29. Re5 Nf8 30. f4 Bxc3 31. Bxc3 Rxc3 32. Nd3 Qxa4 33. Reb5 Qc2 34.
Qh3+ Kg8 35. Ne1 Rxh3 36. Nxc2 Rd3 37. d5 Rxc2 38. dxe6 Nxe6 39. Rxf5 Rc5 {White
resigns} 0-1

[Event "Team 45 45 League T79"]
[Site "Internet Chess Club"]
[Date "2019.02.16"]
[Round "8"]
[White "smsxman"]
[Black "wildwood"]
[Result "1-0"]
[WhiteElo "1370"]
[BlackElo "1524"]
[Opening "Sicilian"]
[ECO "B50"]
[Time "11:00:25"]
[TimeControl "2700+45"]

1. e4 c5 2. Nf3 d6 3. Nc3 Nc6 4. Bb5 Bd7 5. Bxc6 Bxc6 6. d4 cxd4 7. Nxd4 Bd7 8.
O-O Nf6 9. Re1 e6 10. Bg5 Be7 11. Bxf6 Bxf6 12. Ndb5 Qb6 13. Nxd6+ Qxd6 14. Qxd6
{Black resigns} 1-0

[Event "Team 45 45 League T79"]
[Site "Internet Chess Club"]
[Date "2019.02.17"]
[Round "8"]
[White "kingphisch"]
[Black "dabodhi"]
[Result "1-0"]
[WhiteElo "1464"]
[BlackElo "1264"]
[Opening "Scandinavian (center counter) defense"]
[ECO "B01"]
[Time "15:01:01"]
[TimeControl "2700+45"]

1. e4 d5 2. exd5 Qxd5 3. Nf3 Bg4 4. Be2 Nc6 5. Nc3 Qd7 6. d4 Nf6 7. Be3 e6 8.
O-O a6 9. a3 h6 10. h3 Bxf3 11. Bxf3 Bd6 12. Re1 O-O 13. Qd2 Ne7 14. Rad1 c6 15.
Ne4 Nxe4 16. Bxe4 Nf5 17. Bxf5 exf5 18. d5 c5 19. c4 Qc7 20. g3 Rfe8 21. f4 Re4
22. Qc3 Rae8 23. Bf2 Qd8 24. Rxe4 Rxe4 25. Re1 Qe7 26. b3 g5 27. Rxe4 Qxe4 28.
Qe3 gxf4 29. Qxe4 fxe4 30. gxf4 Bxf4 31. Bxc5 e3 32. Kf1 b6 33. Bxb6 Kf8 34. Ke2
Ke8 35. Bxe3 Be5 36. Bxh6 Kd7 37. Kf3 Kd6 38. Bf4 f6 39. Bxe5+ fxe5 40. h4
{Black forfeits on time} 1-0

[Event "Team 45 45 League T79"]
[Site "Internet Chess Club"]
[Date "2019.02.16"]
[Round "8"]
[White "bennywins"]
[Black "Electryon"]
[Result "0-1"]
[WhiteElo "1668"]
[BlackElo "1462"]
[Opening "Scandinavian (center counter) defense"]
[ECO "B01"]
[Time "17:07:34"]
[TimeControl "2700+45"]

1. e4 d5 2. exd5 Qxd5 3. Nc3 Qd8 4. Nf3 c6 5. d4 Bf5 6. Bc4 e6 7. Bf4 Nf6 8. h3
Bb4 9. a3 Bxc3+ 10. bxc3 O-O 11. Nh4 Be4 12. Bg5 Nbd7 13. f3 Bd5 14. Bd3 Qa5 15.
Bd2 Qa4 16. f4 c5 17. Rg1 cxd4 18. g4 dxc3 19. Bc1 Be4 20. g5 Bxd3 21. Qxd3 Qe4+
22. Be3 Qxd3 23. cxd3 Nd5 24. Bd4 Nxf4 {White resigns} 0-1